 Dungeon Crawl Stone Soup version 0.31-a0-1074-g0b22e4e0f1 (webtiles) character file.

Game seed: 15939665049699363194

321 Lobster4 the Shooter (level 6, -1/47 HPs)
             Began as a Human Hunter on Dec 8, 2023.
             Slain by a two-headed ogre
             ... wielding a +0 giant club
              (23 damage)
             ... on level 5 of the Dungeon on Dec 9, 2023.
             The game lasted 00:06:48 (3473 turns).

Lobster4 the Shooter (Human Hunter)                 Turns: 3473, Time: 00:06:49

Health: -1/47      AC:  6    Str: 23    XL:     6   Next: 76%
Magic:  6/6        EV: 13    Int:  9    God:
Gold:   230        SH:  5    Dex: 22    Spells: 5/5 levels left

rFire   x . .        b - +10 broad axe "Kaicsivu" {venom, rF- Str+5 Dex+4}
rCold   . . .        (no shield)
rNeg    . . .        t - +1 ring mail
rPois   .            (no helmet)
rElec   .            (no cloak)
rCorr   .            (no gloves)
SInv    .            (no boots)
Will    .....        m - amulet of reflection
Stlth   +            j - +6 ring of strength
HPRegen 0.27/turn    (no ring)
MPRegen 0.10/turn

%: reflection
@: no status effects
A: no striking features
a: no special abilities


You were on level 5 of the Dungeon.
You visited 2 branches of the dungeon, and saw 6 of its levels.

You collected 230 gold pieces.

Inventory:

Hand Weapons
 a - a +1 shortbow
 b - the +10 broad axe "Kaicsivu" (weapon) {venom, rF- Str+5 Dex+4}
   (You found it on level 3 of the Dungeon)

   Str+5:     It affects your strength (+5).
   Dex+4:     It affects your dexterity (+4).
   rF-:       It makes you vulnerable to fire.
 f - a +0 great sword
 h - a +0 dagger
 k - a +0 short sword
Armour
 c - a +0 leather armour
 t - a +1 ring mail (worn)
Jewellery
 j - a +6 ring of strength (left hand)
 m - an amulet of reflection (around neck)
 u - a ring of resist corrosion
Scrolls
 d - a scroll of butterflies
 p - 2 scrolls of fog
 r - a scroll of teleportation
Potions
 e - a potion of might {unknown}
 g - 2 potions of curing {unknown}
 i - 2 potions of heal wounds {unknown}
 l - 3 potions of mutation {unknown}
 o - 2 potions of berserk rage {unknown}
 s - a potion of degeneration {unknown}
 v - a potion of magic {unknown}


   Skills:
 + Level 3.4 Fighting
 * Level 5.8 Ranged Weapons
 - Level 2.0 Armour
 + Level 3.4 Dodging
 - Level 1.0 Stealth


You had 5 spell levels left.
You didn't know any spells.
Your spell library was empty.

Dungeon Overview and Level Annotations

Branches:
Dungeon (5/15)             Temple (1/1) D:4

Altars:
Ashenzari
Dithmenos
Elyvilon
Gozag
Hepliaklqana
Kikubaaqudgha
Nemelex Xobeh
Ru
Sif Muna
Trog
Uskayaw
Vehumet
Xom
Yredelemnul
The Shining One

Annotations:
D:4 1 exclusion


Message History

You shoot an arrow. The arrow misses the phantom.
The phantom hits you but does no damage. x2
You shoot an arrow. The arrow hits the phantom!
You destroy the phantom!
No target in view!
No target in view!
You see here a +0 great sword.
f - a +0 great sword Adjust (i)tems, (s)pells, or (a)bilities?
d - the +10 broad axe "Kaicsivu" {venom, rF- Str+5 Dex+4} Adjust to which letter? (? for menu, Esc to quit)
b - the +10 broad axe "Kaicsivu" {venom, rF- Str+5 Dex+4}
d - a scroll of butterflies A two-headed ogre comes into view.
It is wielding two +0 giant clubs.
You see here a scroll of teleportation.
You shoot an arrow.
The arrow barely misses the two-headed ogre.
You shoot an arrow. The arrow hits the two-headed ogre!
The two-headed ogre is lightly wounded.
You shoot an arrow.
The arrow hits the two-headed ogre but does no damage.
The two-headed ogre is lightly wounded.
You shoot an arrow.
The arrow barely misses the two-headed ogre.
You feel stronger.
You feel agile.
The +10 broad axe "Kaicsivu" {venom, rF- Str+5 Dex+4} begins to drip with poison!
b - the +10 broad axe "Kaicsivu" (weapon)
{venom, rF- Str+5 Dex+4} You slash the two-headed ogre!
The two-headed ogre is poisoned.
The two-headed ogre is moderately wounded.
The two-headed ogre misses you.
The two-headed ogre hits you with a +0 giant club!!
Ouch! That really hurt!
You are too injured to fight recklessly!
You are too injured to fight recklessly!
You hit the two-headed ogre.
The two-headed ogre looks as sick as possible!
The two-headed ogre is moderately wounded.
The two-headed ogre hits you with a +0 giant club.
The two-headed ogre hits you with a +0 giant club!!
You die...

#................#
#................#
............#####...
...........## ##..
..########.# ...
..+........# ....
#........#
###........#
.......@...#
.......O...#
...........#
.##........#
#........#
#........#
.........#
..........#


You could see a two-headed ogre (extremely poisoned).

Vanquished Creatures
  2 phantoms
  A jelly (D:4)
  2 iguanas
  3 adders
  2 worms (D:2)
  2 dart slugs (D:2)
  6 ball pythons
  3 bats
  6 endoplasms
  4 giant cockroaches
  3 goblins
  3 hobgoblins
  3 jackals (D:1)
  3 quokkas
  4 frilled lizards
  4 kobolds
  8 rats
59 creatures vanquished.

Notes
Turn   | Place    | Note
-------+----------+-------------------------------------------
     0 | D:1      | Lobster4 the Human Hunter began the quest for the Orb.
     0 | D:1      | Reached XP level 1. HP: 16/16 MP: 1/1
   104 | D:1      | Found a faded altar of an unknown god.
   155 | D:1      | Reached XP level 2. HP: 22/22 MP: 2/2
   738 | D:2      | Reached XP level 3. HP: 27/27 MP: 3/3
   854 | D:2      | Reached skill level 1 in Armour
  1035 | D:2      | Reached XP level 4. HP: 33/34 MP: 4/4
  1785 | D:3      | Identified the +10 broad axe "Kaicsivu" {venom, rF- Str+5
                  | Dex+4}
  1794 | D:3      | Identified the +5 long sword of Equilibrium {heavy, Contam
                  | +Blink SInv}
  2439 | D:4      | Found a staircase to the Ecumenical Temple.
  2445 | Temple   | Entered the Ecumenical Temple
  2596 | D:4      | Reached XP level 5. HP: 40/40 MP: 5/5
  2615 | D:4      | Reached skill level 5 in Ranged Weapons
  2834 | D:4      | Found a hazy altar of Hepliaklqana.
  2930 | D:4      | Noticed a phantom
  2974 | D:4      | Killed a phantom
  2975 | D:4      | Reached XP level 6. HP: 8/47 MP: 6/6
  3350 | D:5      | Entered Level 5 of the Dungeon
  3466 | D:5      | Noticed a two-headed ogre
  3473 | D:5      | Slain by a two-headed ogre

Illustrated notes

Levels and vault maps discovered:
D:1:      wander_arrival_abandoned_jail, layout_loops_ring,
          ebering_ecumenical_altar_abandoned, amethyst_killhole,
          roderic_cross_of_infinity
D:2:      layout_loops_ring
D:3:      layout_basic
D:4:      layout_gridville, mainiacjoe_overflow_catwalk,
          minmay_temple_entry_grid, due_unseen_surprise
D:5:      layout_gridville, minmay_manual_maat, uniq_grinder, uniq_eustachio
Temple:   nicolae_temple_two_arcs

Skill      XL: |  1  2  3  4  5 |
---------------+----------------+-----
Armour         | 1 2 |  2.0
Ranged Weapons | 5 |  5.8
Fighting       | 3 |  3.4
Dodging        | 3 |  3.4
Stealth        | |  1.0

Action                     |  1- 3 |  4- 6 || total
---------------------------+-------+-------++-------
  Melee: Broad axe         |       |     2 ||     2
   Fire: Shortbow          |    75 |   158 ||   233
    Use: Scroll            |       |     7 ||     7
 Armour: Leather armour    |    18 |     7 ||    25
         Ring mail         |       |    45 ||    45
  Dodge: Dodged            |    12 |    36 ||    48
  Block: Other             |     5 |    17 ||    22

Table legend: (Time is in decaauts)
 A = Elapsed time spent in this place.
 B = Non-inter-level travel time spent in this place.
 C = Inter-level travel time spent in this place.
 D = Time resting spent in this place.
 E = Time spent auto-exploring this place.
 F = Levels seen in this place.
 G = Mean time per level.
                   A        B        C        D        E       F      G
               +--------+--------+--------+--------+--------+-----+--------+
         Total |   3524 |   3454 |     70 |    408 |   2534 |   6 |  587.3 |
       Dungeon |   3516 |   3447 |     69 |    408 |   2534 |   5 |  703.2 |
        Temple |      7 |      6 |      1 |      0 |      0 |   1 |    7.0 |
               +--------+--------+--------+--------+--------+-----+--------+

Top non-repeatable levels by time:
     D:4: 977 daAuts
     D:2: 888 daAuts
     D:3: 806 daAuts
     D:1: 716 daAuts
     D:5: 127 daAuts
  Temple: 7 daAuts
